 Dungeon Crawl Stone Soup version 0.30-a0-1043-g60ff8d5f49 (webtiles) character file.

Game seed: 8195219578126298348

56 cforsyth the Caller (level 3, 0/21 HPs)
             Began as an Octopode Summoner on Apr 10, 2023.
             Slain by an orc priest
             ... wielding a +0 dagger
              (2 damage)
             ... on level 3 of the Dungeon.
             The game lasted 00:02:30 (1841 turns).

cforsyth the Caller (Octopode Summoner)             Turns: 1841, Time: 00:02:31

Health: 0/21       AC:  5    Str:  4 (7)  XL:     3   Next: 95%
Magic:  7/7        EV: 13    Int: 16 (19) God:
Gold:   176        SH:  0    Dex: 10 (12) Spells: 2/8 levels left

rFire   + . .      SeeInvis .    (no weapon)
rCold   . . .      Faith    .    (no shield)
rNeg    . . .      Spirit   .    (helmet restricted)
rPois   .          Reflect  .    (no amulet)
rElec   .          Rampage  .    b - +4 ring of protection
rCorr   .                        k - ring of protection from fire
Will    .....                    (no ring)
Stlth   +++                      (no ring)
HPRegen 0.23/turn                (no ring)
MPRegen 0.10/turn                (no ring)
                                 (no ring)
                                 (no ring)

@: attractive
A: almost no armour, amphibious, 8 rings, camouflage 1, gelatinous body 1,
(nimble swimmer 1), tentacles
a: no special abilities


You were on level 3 of the Dungeon.
You visited 1 branch of the dungeon, and saw 3 of its levels.

You collected 176 gold pieces.

Inventory:

Missiles
 l - a throwing net
Jewellery
 b - a +4 ring of protection (left tentacle)
 k - a ring of protection from fire (right tentacle)
Scrolls
 c - a scroll of blinking {unknown}
 d - 2 scrolls of enchant armour {unknown}
 f - a scroll of noise {unknown}
 g - 2 scrolls of poison {unknown}
 h - a scroll of teleportation {unknown}
 i - 2 scrolls of identify {unknown}
Potions
 a - a potion of magic
 j - a potion of attraction


   Skills:
 - Level 2.0 Dodging
 - Level 2.6 Stealth
 + Level 3.0 Spellcasting
 + Level 4.7 Summonings


You had 2 spell levels left.
You knew the following spells:

 Your Spells              Type           Power      Damage    Failure   Level
a - Summon Small Mammal   Summ           68%        N/A       2%          1
b - Call Imp              Summ           34%        N/A       4%          2
c - Call Canine Familiar  Summ           17%        N/A       8%          3

Your spell library contained the following spells:

 Spells                   Type           Power      Damage    Failure   Level
 Summon Guardian Golem    Hex/Summ       10%        N/A       22%         3
 Summon Lightning Spire   Summ/Air       10%        N/A       56%         4


Dungeon Overview and Level Annotations

Branches:
Dungeon (3/15)

Altars:
Fedhas


Innate Abilities, Weirdness & Mutations

You cannot wear most types of armour.
You are amphibious.
You can wear up to eight rings at the same time.
Your skin changes colour to match your surroundings (Stealth+).
Your rubbery body absorbs attacks. (AC +1, EV +1)
((You are camouflaged when in or above water. (Stealth+)))
You have tentacles for arms and can constrict up to eight enemies at once.


Message History

You kill the goblin!
No target in view!
No target in view!
No target in view!
No target in view!
An orc comes into view. It is wielding a +0 short sword.
An orc is nearby!
An orc is nearby!
An orc is nearby!
An orc comes into view.
It is wielding a +0 dagger and carrying a wand of iceblast (8).
The orc hits you but does no damage.
The orc shouts!
You tentacle-slap the orc but do no damage.
You grab the orc. You constrict the orc.
You hear a shout!
The orc zaps a wand.
The mass of ice explodes!
The iceblast engulfs the orc!
The orc dies!
The iceblast engulfs your hound! The iceblast engulfs you!
You hear a shout!
The orc zaps a wand.
The mass of ice explodes!
The iceblast engulfs you!
* * * LOW HITPOINT WARNING * * *
The iceblast engulfs your hound.
You hear a shout!
You see here a +0 short sword.
You are too injured to fight recklessly!
You are too injured to fight recklessly!
You are too injured to fight recklessly!
An orc comes into view. It is wielding a +0 hand axe.
Your hound bites the orc.
The orc hits your hound but does no damage.
It was a potion of attraction.
You feel attractive to monsters.
Your hound barely misses the orc.
The orc is attracted toward you. x3
It was a potion of degeneration.
There was something very wrong with that liquid.
You feel weakened.
You feel dopey.
You feel clumsy. The orc hits you with a +0 falchion.
* * * LOW HITPOINT WARNING * * *
The orc priest hits you with a +0 dagger.
You die...

.....####.# ......##..#
....#.#..### ##
...........## ######...
............###.......#
#.##..............######
#.##.......##..........#
#.######.......#o#####..
...........#...)@#######..
..##########.....o)oh§....
..# #.....o....§..........
#.#
#...###########.........
#.# #.## .......... #.# ..
#......... #.# ##
#.......# .# ##.......#
##........#


You could see an orc priest, 3 orcs and a friendly hound (summoned).

Vanquished Creatures
  A worm (D:3)
  3 endoplasms
  2 giant cockroaches
  A goblin (D:3)
  6 hobgoblins
  2 kobolds
  A quokka (D:3)
  2 bats (D:1)
  A frilled lizard (D:1)
  A rat (D:3)
20 creatures vanquished.

Vanquished Creatures (collateral kills)
  An adder (D:3)
  3 ball pythons (D:2)
  3 endoplasms
  3 hobgoblins
  A quokka (D:2)
  2 frilled lizards
  A goblin (D:3)
  4 kobolds
18 creatures vanquished.

Vanquished Creatures (others)
  An orc (D:3)
1 creature vanquished.

Grand Total: 39 creatures vanquished

Notes
Turn   | Place    | Note
-------+----------+-------------------------------------------
     0 | D:1      | cforsyth the Octopode Summoner began the quest for the Orb.
     0 | D:1      | Reached XP level 1. HP: 11/11 MP: 3/3
   252 | D:1      | Reached XP level 2. HP: 17/17 MP: 3/5
   259 | D:1      | Learned a level 2 spell: Call Imp
   871 | D:2      | Found a blossoming altar of Fedhas.
  1072 | D:2      | Noticed a shining eye
  1073 | D:2      | Reached XP level 3. HP: 21/21 MP: 1/6
  1077 | D:2      | Learned a level 3 spell: Call Canine Familiar
  1262 | D:2      | Noticed a golden eye
  1266 | D:2      | Noticed a great orb of eyes
  1268 | D:2      | Found a faded altar of an unknown god.
  1270 | D:2      | Noticed a great orb of eyes
  1841 | D:3      | Slain by an orc priest

Illustrated notes

Levels and vault maps discovered:
D:1:      minmay_arrival_diagonal_passages, layout_loops_ring, dk_noncrumbling_3
D:2:      layout_rooms, basic_altar, hellmonk_ecumenical_altar_watching_god
D:3:      layout_rooms, grunt_qazlal_clouds, uniq_crazy_yiuf_cottage

Skill      XL: |  1  2  3 |
---------------+----------+-----
Spellcasting   | 3 |  3.0
Dodging        | |  2.0
Stealth        | |  2.6
Summonings     | |  4.7

Action                     || total
---------------------------++-------
  Melee: Unarmed           ||    60
         Constrict         ||    23
         Tentacles         ||    19
   Cast: Summon Small Mamm ||    13
         Call Imp          ||    10
         Call Canine Famil ||     7
    Use: Potion            ||     2
   Stab: Sleeping          ||     3
 Armour: Skin              ||    17
  Dodge: Dodged            ||    41

Table legend: (Time is in decaauts)
 A = Elapsed time spent in this place.
 B = Non-inter-level travel time spent in this place.
 C = Inter-level travel time spent in this place.
 D = Time resting spent in this place.
 E = Time spent auto-exploring this place.
 F = Levels seen in this place.
 G = Mean time per level.
                   A        B        C        D        E       F      G
               +--------+--------+--------+--------+--------+-----+--------+
         Total |   1839 |   1821 |     18 |    144 |   1362 |   3 |  613.0 |
       Dungeon |   1839 |   1821 |     18 |    144 |   1362 |   3 |  613.0 |
               +--------+--------+--------+--------+--------+-----+--------+

Top non-repeatable levels by time:
     D:1: 838 daAuts
     D:2: 729 daAuts
     D:3: 272 daAuts
